 Dungeon Crawl Stone Soup version 0.31-a0-187-gba352fbbf7 (webtiles) character file.

Game seed: 5067622725970005581

78 qw the Shooter (level 4, -1/25 HPs)
             Began as a Deep Elf Hunter on June 22, 2023.
             Slain by a goblin
             ... wielding a +0 club
             ... led by Robin
              (5 damage)
             ... on level 2 of the Dungeon.
             The game lasted 00:00:27 (1125 turns).

qw the Shooter (Deep Elf Hunter)                    Turns: 1125, Time: 00:00:27

Health: -1/25      AC:  3    Str: 10    XL:     4   Next: 15%
Magic:  0/6        EV: 12    Int: 14    God:
Gold:   34         SH:  0    Dex: 18    Spells: 3/3 levels left

rFire   . . .        Y - +0 shortbow
rCold   . . .        (shield currently unavailable)
rNeg    . . .        c - +0 leather armour
rPois   .            (no helmet)
rElec   .            (no cloak)
rCorr   .            (no gloves)
SInv    .            (no boots)
Will    .....        h - amulet of guardian spirit
Stlth   ++           (no ring)
HPRegen 0.24/turn    (no ring)
MPRegen 0.10/turn

%: guardian spirit
@: no status effects
A: no striking features
a: no special abilities


You were on level 2 of the Dungeon.
You visited 1 branch of the dungeon, and saw 2 of its levels.

You collected 34 gold pieces.


   Skills:
 - Level 1.5 Fighting
 + Level 7.6 Ranged Weapons
 - Level 2.4 Dodging
 - Level 1.2 Stealth


You had 3 spell levels left.
You didn't know any spells.
Your spell library was empty.

Inventory:

Hand Weapons
 Y - a +0 shortbow (weapon)
Armour
 c - a +0 leather armour (worn)
 f - a +0 scale mail
Jewellery
 b - a ring of see invisible
 h - an amulet of guardian spirit (around neck)
Scrolls
 a - a scroll of teleportation {unknown}
Potions
 d - a potion of enlightenment {unknown}
 e - a potion of curing
 i - a potion of haste

Dungeon Overview and Level Annotations

Branches:
Dungeon (2/15)

Altars:

Annotations:
D:2 Robin


Message History

The arrow hits the hobgoblin but does no damage.
The hobgoblin is heavily wounded.
The hobgoblin hits you. x2
You shoot an arrow. The arrow hits the hobgoblin.
The hobgoblin is severely wounded.
The hobgoblin hits you.
You shoot an arrow.
The arrow hits the hobgoblin but does no damage.
The hobgoblin is severely wounded.
The hobgoblin hits you but does no damage.
You shoot an arrow. The arrow barely misses the hobgoblin.
The arrow hits the hobgoblin.
The hobgoblin is almost dead.
You hear a shout!
The hobgoblin hits you.
A hobgoblin comes into view.
You shoot an arrow. The arrow hits the hobgoblin!
You kill the hobgoblin!
The goblin unwields a +0 club.
The goblin wields a +0 sling.
The goblin shoots a sling bullet.
The sling bullet barely misses you.
You shoot an arrow. The arrow hits the goblin.
The goblin is severely wounded.
A goblin comes into view. It is wielding a +0 dagger.
The goblin barely misses you.
You shoot an arrow. The arrow hits the goblin.
You kill the goblin!
A goblin comes into view. It is wielding a +0 club.
The goblin closely misses you.
You shoot an arrow. The arrow hits the goblin!
You kill the goblin!
Robin throws the goblin at you! The goblin misses you.
You shoot an arrow. The arrow hits the hobgoblin.
You kill the hobgoblin!
The goblin hits you with a +0 club.
An adder comes into view.
You shoot an arrow. The arrow barely misses the goblin.
The adder hisses angrily.
The goblin no longer looks unusually strong. x2
The goblin hits you with a +0 club. x2
You die...

.. .. .#.## #gg. #........#
##.. ....# #.g. #........#
...###...# #... #........#
.#.#.#.#.###... #........#+
...#.#.....#... #..........
.........#...S.##..........
..##.##......gg##..........
#.#...#.###...gg@g..##.........
..........#.#.g####.##.........
#.#...#.###...... #.##.........
..##.##........## #.##.........
.........#......# #.##.........
...#.#.....####.# #.##.........
%#.#)#.#........# #.##.........
...###......#####.#.##.........
#...........'.....#.##.########


You could see Robin, an adder, a hobgoblin and 4 goblins.

Vanquished Creatures
  Terence (D:2)
  An adder (D:2)
  A worm (D:2)
  2 dart slugs
  2 endoplasms (D:1)
  4 giant cockroaches
  4 goblins
  3 hobgoblins
  A quokka (D:2)
  3 ball pythons
  4 bats
  2 frilled lizards (D:1)
  3 kobolds
  6 rats
37 creatures vanquished.

Notes
Turn   | Place    | Note
-------+----------+-------------------------------------------
     0 | D:1      | qw the Deep Elf Hunter began the quest for the Orb.
     0 | D:1      | Reached XP level 1. HP: 12/12 MP: 3/3
     0 | D:1      | 0 ||| qw: Version: 0.3-a-9-g12657ce
     0 | D:1      | 0 ||| qw: Game counter: 2042
     0 | D:1      | 0 ||| qw: Always use a shield: true
     0 | D:1      | 0 ||| qw: God list: Okawaru
     0 | D:1      | 0 ||| qw: Allow faded altars: false
     0 | D:1      | 0 ||| qw: Do Orc after D:15 true
     0 | D:1      | 0 ||| qw: Do second Lair branch before Depths: true
     0 | D:1      | 0 ||| qw: Lair rune preference: random
     0 | D:1      | 0 ||| qw: Plans: Normal
     0 | D:1      | 0 ||| PLANNING D:1-11
   158 | D:1      | Reached skill level 6 in Ranged Weapons
   158 | D:1      | Reached XP level 2. HP: 16/16 MP: 4/4
   660 | D:1      | Found a faded altar of an unknown god.
   698 | D:1      | 698 ||| UPGRADING to amulet of guardian spirit.
   703 | D:1      | 703 ||| READING scroll labelled UKIRGHI ZOTHRIR.
   704 | D:1      | 704 ||| READING scroll labelled AJAUJU HI MAG.
   705 | D:1      | 705 ||| DRINKING 2 murky ruby potions.
   706 | D:1      | 706 ||| DRINKING 2 murky cyan potions.
   707 | D:1      | 707 ||| DROPPING scroll of butterflies.
   816 | D:2      | Reached XP level 3. HP: 9/20 MP: 1/5
   939 | D:2      | Noticed Terence
   948 | D:2      | HP: 2/20 [Terence/puff of flame (6)]
   949 | D:2      | Killed Terence
   950 | D:2      | Reached skill level 7 in Ranged Weapons
  1096 | D:2      | Reached XP level 4. HP: 25/25 MP: 6/6
  1108 | D:2      | Noticed Robin
  1111 | D:2      | 1111 ||| Stepping ~*~*~tactically~*~*~ (outnumbered).
  1124 | D:2      | HP: 5/25 [goblin/+0 club[Robin] (3)]
  1125 | D:2      | Slain by a goblin

Levels and vault maps discovered:
D:1:      giann_wishing_wells, layout_basic, shapermc_ecumenical_altar_acropolis
D:2:      layout_basic, minmay_fractal_squares_5, uniq_sigmund, uniq_natasha,
          uniq_terence, uniq_robin

Skill      XL: |  1  2  3 |
---------------+----------+-----
Ranged Weapons | 6 7 |  7.6
Fighting       | |  1.5
Dodging        | |  2.4
Stealth        | |  1.2

Action                     |  1- 3 |  4- 6 || total
---------------------------+-------+-------++-------
   Fire: Shortbow          |    80 |    18 ||    98
    Use: Scroll            |     2 |       ||     2
         Potion            |     2 |       ||     2
 Armour: Leather armour    |     4 |     1 ||     5
  Dodge: Dodged            |    11 |     6 ||    17

Table legend:
 A = Non-vault XP
 B = Vault XP
 C = Vault XP percentage of total XP
 D = Non-vault monster count
 E = Vault monster count
 F = Vault count percentage of total count
                 A         B        C        D         E       F
            +---------+---------+-------+---------+---------+-------
      Total |      43 |      69 |  61.6 |      26 |      11 |  29.7
            +---------+---------+-------+---------+---------+-------
        D:1 |      29 |       0 |   0.0 |      19 |       0 |   0.0
        D:2 |      14 |      69 |  83.1 |       7 |      11 |  61.1
            +---------+---------+-------+---------+---------+-------
